 Dungeon Crawl Stone Soup version 0.29.1-13-g9f3cf754e1 (webtiles) character file.

Game seed: 3631027006311094884

56 hbarley the Trooper (level 3, -4/34 HPs)
             Began as a Hill Orc Fighter on Feb 2, 2023.
             Killed by nerve-wracking pain
             ... invoked by an orc priest
              (12 damage)
             ... on level 4 of the Dungeon.
             The game lasted 00:02:57 (1073 turns).

hbarley the Trooper (Hill Orc Fighter)              Turns: 1073, Time: 00:02:58

Health: -4/34      AC:  9    Str: 18    XL:     3   Next: 95%
Magic:  3/3        EV:  9    Int:  8    God:
Gold:   59         SH:  4    Dex: 12    Spells: 2/2 levels left

rFire   . . .      SeeInvis .   a - +0 war axe
rCold   . . .      Faith    .   c - +0 buckler
rNeg    . . .      Spirit   .   b - +0 scale mail
rPois   .          Reflect  .   n - +2 hat
rElec   .          Harm     .   (no cloak)
rCorr   .          Rampage  .   (no gloves)
Will    .....                   (no boots)
Stlth   ..........              (no amulet)
HPRegen 0.11/turn               (no ring)
MPRegen 0.08/turn               (no ring)

@: no status effects
A: no striking features
a: Convert to Beogh


You were on level 4 of the Dungeon.
You visited 1 branch of the dungeon, and saw 3 of its levels.

You collected 59 gold pieces.

Inventory:

Hand Weapons
 a - a +0 war axe (weapon)
Missiles
 f - 4 poisoned darts (quivered)
Armour
 b - a +0 scale mail (worn)
 c - a +0 buckler (worn)
 n - a +2 hat (worn)
Jewellery
 i - a ring of fire
Scrolls
 e - a scroll of noise {unknown}
 g - a scroll of blinking {unknown}
 h - a scroll of identify {unknown}
 j - a scroll of poison {unknown}
 k - a scroll of butterflies {unknown}
 m - a scroll of enchant weapon {unknown}
 o - 2 scrolls of teleportation {unknown}
 p - a scroll of vulnerability {unknown}
Potions
 d - a potion of might
 l - 2 potions of brilliance {unknown}


   Skills:
 + Level 4.3 Fighting
 + Level 3.9 Axes
 + Level 3.7 Armour
 + Level 0.1 Dodging
 + Level 3.6 Shields


You had 2 spell levels left.
You didn't know any spells.
Your spell library contained the following spells:

 Spells                   Type           Power      Damage    Failure   Level
 Shock                    Conj/Air       0%         1d3       87%         1
 Swiftness                Air            0%         N/A       99%         3
 Airstrike                Air            0%         2d(0-16)  100%        4


Dungeon Overview and Level Annotations

Branches:
Dungeon (4/15)
 Temple: D:4-7

Altars:
Okawaru


Message History

Things that are here:
a +0 short sword; an orc corpse A giant cockroach comes into view.
There is an open door here.
You slash the giant cockroach!
You kill the giant cockroach!
HP restored.
Found an escape hatch in the floor.
You open the door.
There is an open door here.
Found a falchion.
Found an iron altar of Okawaru.
Found a stone staircase leading down.
A necrophage comes into view.
An orc priest comes into view. It is wielding a +0 club.
The orc priest threatens, "By the altar or by the axe, you will meet Beogh!" (press Y on the ability menu to convert to Beogh)
The orc priest shouts!
An orc wizard comes into view. It is wielding a +0 dagger.
The orc wizard shouts!
The orc priest calls down the wrath of Beogh upon you.
Beogh smites you!
An orc comes into view. It is wielding a +0 whip.
The orc shouts!
The orc wizard hits the plant with a +0 dagger.
The plant begins to die.
A nearby plant withers and dies.
The orc priest mumbles some strange prayers to Beogh against you.
Beogh smites you!
* * * LOW HITPOINT WARNING * * *
The orc wizard casts a spell.
The orc wizard flickers and vanishes!
Deactivating autopickup; reactivate with Ctrl-A.
The orc priest miscasts a cantrip.
You open the door.
There is an open door here.
You open the door.
There is an open door here.
The orc priest mumbles some strange prayers to Beogh against you.
Pain shoots through your body!
You die...

..... ..... .#### #####
##.. +...# #... ... #...
##+###### #.# ###'
........#######.######..
.......@'..o.#..........
........#...n'o..o.o{...
........#######..##.##..
####..........#..##.##..
#####......#.........
#......#.........
#......+.........
#####......#..###+###
#....†)##+##..##...


You could see a necrophage, an orc priest and an orc.

Vanquished Creatures
  An adder (D:4)
  A worm (D:2)
  3 dart slugs
  An orc (D:4)
  3 giant cockroaches
  5 goblins
  2 hobgoblins (D:1)
  4 jackals
  2 kobolds
  3 quokkas (D:1)
  3 bats (D:1)
  4 frilled lizards
  2 rats (D:1)
34 creatures vanquished.

Vanquished Creatures (others)
  3 plants (D:4)
3 creatures vanquished.

Grand Total: 37 creatures vanquished

Notes
Turn   | Place    | Note
-------+----------+-------------------------------------------
     0 | D:1      | hbarley the Hill Orc Fighter began the quest for the Orb.
     0 | D:1      | Reached XP level 1. HP: 19/19 MP: 1/1
   140 | D:1      | Reached XP level 2. HP: 14/27 MP: 2/2
   144 | D:1      | Reached skill level 4 in Fighting
   697 | D:1      | Reached XP level 3. HP: 32/33 MP: 3/3
   813 | D:1      | Found a faded altar of an unknown god.
   978 | D:2      | You fall into a shaft and drop 2 floors!
  1029 | D:4      | Found an iron altar of Okawaru.
  1041 | D:4      | Noticed a necrophage
  1073 | D:4      | Killed from afar by an orc priest

Illustrated notes

Levels and vault maps discovered:
D:1:      tarquinn_simple_flora_water_d, layout_loops_ring,
          chequers_ecumenical_altar_simple, minmay_misc_feat_chi
D:2:      layout_loops_corners
D:4:      lemuel_castle_with_subvaults [lemuel_castle_interior_original],
          layout_gridville, mainiacjoe_overflow_cross_hatched,
          lemuel_crystal_altar, uniq_duvessa

Skill      XL: |  1  2  3 |
---------------+----------+-----
Fighting       | 4 |  4.3
Axes           | 3 |  3.9
Armour         | |  3.7
Dodging        | |  0.1
Shields        | |  3.6

Action                   || total
-------------------------++-------
Melee: War axe           ||    80
Armor: Scale mail        ||    38
Dodge: Dodged            ||    46
Block: Buckler           ||    17
